 Dungeon Crawl Stone Soup version 0.20-a0-613-g92415a4 (webtiles) character file.

21796 kidcy the Fighter (level 12, -8/100 HPs)
             Began as a Demonspawn Monk on Feb 8, 2017.
             Was a Priest of Ashenzari.
             Mangled by a killer bee (9 damage)
             ... on level 4 of the Lair of Beasts.
             The game lasted 00:52:37 (24826 turns).

kidcy the Fighter (Demonspawn Monk)                Turns: 24826, Time: 00:52:37

Health: -8/100     AC: 20    Str: 16    XL:     12   Next: 57%
Magic:  21/21      EV:  8    Int: 21    God:    Ashenzari [***...]
Gold:   588        SH:  4    Dex: 15    Spells: 21/24 levels left

rFire    . . .     SeeInvis +   l - +0 rapier of the Ecumenical Temple {pain, MR- Int+10} (curse)
rCold    . . .     Gourm    +   p - +2 plate armour (curse)
rNeg     + . .     Faith    .   (no shield)
rPois    .         Spirit   .   (helmet unavailable)
rElec    .         Reflect  .   u - +0 cloak (curse)
rCorr    .         Harm     .   q - +0 pair of gloves (curse)
MR       .....     Rnd*Rage +   (no boots)
Stlth    ..........             g - amulet of the gourmand
Regen    0.3/turn               (no ring)
                                d - ring of positive energy

@: lethally poisoned (-8 -> -20)
A: antennae 3, large bone plates 1, berserk 1, demonic guardian 1, weak 1
a: Curse Item, Scrying, Renounce Religion


You were on level 4 of the Lair of Beasts.
You worshipped Ashenzari.
Ashenzari was most pleased with you.
You were not hungry.

You visited 3 branches of the dungeon, and saw 16 of its levels.

You collected 940 gold pieces.
You spent 352 gold pieces at shops.

Inventory:

Hand Weapons
 l - the cursed +0 rapier of the Ecumenical Temple (weapon) {pain, MR- Int+10}
   (You found it on level 4 of the Dungeon)

   In the hands of one skilled in necromantic magic, it inflicts extra damage on
   living creatures.
   It affects your intelligence (+10).
   It affects your resistance to hostile enchantments.
   It has a curse placed upon it.
Armour
 p - a cursed +2 plate armour (worn)
 q - a cursed +0 pair of gloves (worn)
 u - a cursed +0 cloak (worn)
Jewellery
 d - a ring of positive energy (left hand)
 g - an amulet of the gourmand (around neck)
Wands
 f - a wand of clouds (3/9)
 y - a wand of acid (3/15)
 A - a wand of flame (0/48)
Scrolls
 b - a scroll of recharging
 k - 6 scrolls of identify
 o - a scroll of remove curse
 t - a scroll of enchant weapon
 w - 3 scrolls of magic mapping
Potions
 e - 3 potions of brilliance
 j - 2 potions of flight
Books
 i - a book of Party Tricks

   Spells                             Type                      Level
   a - Summon Butterflies             Summoning                    1
   b - Apportation                    Translocation                1
   c - Lesser Beckoning               Translocation                3
   d - Tukima's Dance                 Hexes                        3
   e - Alistair's Intoxication        Transmutation/Poison         5
   f - Invisibility                   Hexes                        6
 m - a book of Cantrips

   Spells                             Type                      Level
   a - Confusing Touch                Hexes                        1
   b - Animate Skeleton               Necromancy                   1
   c - Summon Small Mammal            Summoning                    1
   d - Apportation                    Translocation                1
 B - a book of Maledictions

   Spells                             Type                      Level
   a - Corona                         Hexes                        1
   b - Ensorcelled Hibernation        Hexes/Ice                    2
   c - Confuse                        Hexes                        3
   d - Tukima's Dance                 Hexes                        3
   e - Dazzling Spray                 Conjuration/Hexes            3
Comestibles
 a - 5 royal jellies
 c - 5 bread rations
 h - 13 fruits
 r - 7 meat rations


   Skills:
 + Level 11.0 Fighting
 - Level 5.8(8.8) Short Blades
   Level 6.0 Maces & Flails
 + Level 8.8(11.6) Armour
 - Level 6.1 Dodging
 * Level 1.7 Stealth
 - Level 6.5 Spellcasting
 - Level 3.0 Summonings
 - Level 9.5 Necromancy


You had 21 spell levels left.
You knew the following spells:

 Your Spells              Type           Power        Failure   Level  Hunger
a - Animate Skeleton      Necr           N/A          6%          1    None
b - Apportation           Tloc           #.....       99%         1    None
c - Summon Small Mammal   Summ           ###.         77%         1    None


Dungeon Overview and Level Annotations

Branches:
Dungeon (9/15)             Temple (1/1) D:6            Lair (6/6) D:9
  Swamp (0/4) Lair:2       Spider (0/4) Lair:3        Slime (0/5) Lair:5
    Orc: D:9-12

Altars:
Ashenzari
Cheibriados
Dithmenos
Elyvilon
Fedhas
Gozag
Hepliaklqana
Kikubaaqudgha
Makhleb
Nemelex Xobeh
Okawaru
Qazlal
Ru
Sif Muna
Trog
Uskayaw
Vehumet
Xom
Yredelemnul
Zin
The Shining One
Jiyva

Shops:
D:6 *   D:8 *

Annotations:
D:8 exclusions: obsidian statue and orange crystal statue
Lair:4 Urug


Innate Abilities, Weirdness & Mutations

You have a pair of large antennae on your head. (SInv)
You are partially covered in large bone plates. (SH +4)
A weak demonic guardian rushes to your aid.
You tend to lose your temper in combat.
You are weak. (Str -2)


Message History

Aiming: Cloud Cone
Press: ? - help, Dir - move target cursor, f - killer bee
Aim: a killer bee (berserk, fast, unusually strong) Really cloud your quasit?
Okay, then.
Evoke which item? (* to show all) (? for menu, Esc to quit)
Aiming: Cloud Cone
Press: ? - help, Dir - move target cursor, f/p - killer bee
Aim: a killer bee (berserk, fast, unusually strong) Really cloud your quasit?
You create a blast of poison gas!
This wand has 3 charges left.
* * * LOW HITPOINT WARNING * * *
You feel sick.
The killer bee is engulfed in poison gas.
The killer bee is poisoned.
The killer bee is engulfed in poison gas.
The killer bee is poisoned.
The killer bee stings you but does no damage.
The killer bee stings you!
You die...

#########†#### #.......# ###.
###........y§#####......# #...
##.........§§§#y#.......# #...
.#...†...y..§y§y.#......# #...
.('.......(§§###.(......# ##...
#.............##.+y.....#####....
..............####{.§.....#.#....
b............P####y§§....)...#...
#...........P.##@yyy#'÷####..#...
..............###y§§5..##.##.....
.P..P........####y..§.P...###....
.5....##....####..........###.#.P
#......#...#####...÷...P...##....
#.%..#...#.####...........###..#.
.#5..P....#.#P##..........# ###.#
.....P...................## #..
##..P.P...P.............P######..


You could see 6 killer bees and a friendly quasit.

Vanquished Creatures
  Nessos (Lair:5)
  4 hydras
  4 two-headed ogres
  A black mamba (Lair:5)
  An elephant (D:9)
  6 spiny frogs
  3 meliai (Lair:4)
  A hornet (Lair:3)
  A polar bear (Lair:4)
  A tyrant leech (Lair:2)
  5 blink frogs (Lair:2)
  5 hippogriffs
  14 yaks
  2 wyverns
  2 basilisks
  A hungry ghost (D:8)
  7 water moccasins
  11 porcupines
  3 orc warriors
  An ice beast (D:6)
  3 black bears
  A phantom (D:7)
  A sky beast (D:7)
  4 centaurs
  An ogre (D:9)
  13 crocodiles
  10 bullfrogs
  A scorpion (D:5)
  9 killer bees
  5 wights
  2 electric eels (Lair:3)
  3 howler monkeys (D:8)
  A crimson imp (D:8)
  A bullfrog zombie (D:9)
  3 jellies
  2 hounds
  6 orc wizards
  2 gnoll shamans
  7 orc priests
  Crazy Yiuf (D:5)
  A centaur skeleton (D:7)
  Terence (D:2)
  Jessica (D:2)
  4 iguanas
  9 worker ants
  4 hound zombies
  A howler monkey zombie (D:4)
  3 worker ant zombies
  14 adders
  21 gnolls
  4 shadow imps
  2 oozes
  2 adder skeletons
  An adder zombie (D:4)
  5 worms
  3 dart slugs
  4 leopard geckos
  48 orcs
  3 ball pythons
  4 bats
  12 giant cockroaches
  6 goblins
  8 hobgoblins
  6 jackals
  9 kobolds
  5 quokkas
  10 frilled lizards
  A giant cockroach zombie (D:4)
  A jackal zombie (D:4)
  A leopard gecko skeleton (D:4)
  2 leopard gecko zombies
  9 rats
  A fungus (D:5)
356 creatures vanquished.

Vanquished Creatures (collateral kills)
  A two-headed ogre (D:8)
  A black mamba (Lair:4)
  A rime drake (Lair:1)
  A spiny frog (Lair:2)
  A komodo dragon (Lair:4)
  A hippogriff (Lair:6)
  A yak (Lair:6)
  A phantom (D:5)
  A centaur (D:7)
  A bullfrog (D:7)
  A quasit (D:8)
  A bullfrog skeleton (D:4)
  3 orc priests
  3 orc wizards
  2 worker ant zombies (D:4)
  A gnoll (D:8)
  A dart slug (D:3)
  6 orcs
  A goblin (D:3)
29 creatures vanquished.

Vanquished Creatures (others)
  9 fungi
  14 plants
23 creatures vanquished.

Grand Total: 408 creatures vanquished

Notes
Turn   | Place    | Note
-------+----------+-------------------------------------------
     0 | D:1      | kidcy the Demonspawn Monk began the quest for the Orb.
     0 | D:1      | Reached XP level 1. HP: 18/18 MP: 1/1
    41 | D:1      | Gained mutation: You are partially covered in large bone plates. (SH +4) [demonic ancestry]
    41 | D:1      | Reached XP level 2. HP: 18/24 MP: 2/2
   708 | D:1      | Reached XP level 3. HP: 25/29 MP: 3/3
  1047 | D:2      | Noticed Jessica
  1051 | D:2      | Killed Jessica
  1051 | D:2      | Reached skill level 1 in Armour
  1149 | D:2      | Gained mutation: You have a pair of small antennae on your head. [demonic ancestry]
  1149 | D:2      | Reached XP level 4. HP: 26/35 MP: 4/4
  1750 | D:2      | Noticed Terence
  1768 | D:2      | Killed Terence
  1828 | D:2      | Gained mutation: A weak demonic guardian rushes to your aid. [demonic ancestry]
  1828 | D:2      | Reached XP level 5. HP: 41/41 MP: 5/5
  2678 | D:3      | Reached skill level 4 in Fighting
  2981 | D:3      | Found a hazy altar of Hepliaklqana.
  3136 | D:3      | Reached XP level 6. HP: 41/48 MP: 6/6
  3449 | D:4      | Reached skill level 5 in Maces & Flails
  3537 | D:4      | Got an iridescent rapier
  3572 | D:4      | Identified the cursed +0 rapier of the Ecumenical Temple {pain, MR- Int+10} (You found it on level 4 of the Dungeon)
  4135 | D:4      | Reached XP level 7. HP: 47/55 MP: 7/7
  4836 | D:5      | Entered Level 5 of the Dungeon
  4908 | D:5      | Learned a level 1 spell: Animate Skeleton
  4910 | D:5      | Learned a level 1 spell: Apportation
  5128 | D:5      | Reached skill level 5 in Fighting
  5128 | D:5      | Reached skill level 1 in Necromancy
  5188 | D:5      | Found an opulent altar of Gozag.
  5191 | D:5      | Found a blossoming altar of Fedhas.
  6046 | D:5      | Found a glowing silver altar of Zin.
  6046 | D:5      | Found a sacrificial altar of Ru.
  6050 | D:5      | Found a glowing golden altar of the Shining One.
  6364 | D:5      | Found a runed door.
  6370 | D:5      | Noticed Crazy Yiuf
  6376 | D:5      | Killed Crazy Yiuf
  6635 | D:6      | Reached XP level 8. HP: 51/62 MP: 8/8
  6699 | D:6      | Found a staircase to the Ecumenical Temple.
  6709 | Temple   | Entered the Ecumenical Temple
  6760 | Temple   | Became a worshipper of Ashenzari the Shackled
  6760 | Temple   | Reached * piety under Ashenzari
  6760 | Temple   | Reached ** piety under Ashenzari
  7053 | D:6      | Identified the +1 halberd of Exchange {chop, Int+4 Stlth-}
  7423 | D:6      | Found Lamaedei's Assorted Antiques.
  7431 | D:6      | Bought a scroll of remove curse for 69 gold pieces
  7431 | D:6      | Bought a potion of curing for 69 gold pieces
  7431 | D:6      | Bought a scroll of teleportation for 69 gold pieces
  7869 | D:7      | Reached skill level 5 in Necromancy
  8314 | D:7      | Reached skill level 6 in Fighting
  8431 | D:7      | Reached skill level 5 in Armour
  8707 | D:7      | Noticed a rust devil
  8707 | D:7      | Noticed a rust devil
  8765 | D:7      | Noticed a hippogriff
  8774 | D:7      | Killed a hippogriff
  8774 | D:7      | Gained mutation: You have a pair of antennae on your head. [demonic ancestry]
  8774 | D:7      | Reached XP level 9. HP: 43/70 MP: 9/9
  9214 | D:7      | Found a burning altar of Makhleb.
  9419 | D:8      | Found Eckenitz's Assorted Antiques.
  9560 | D:8      | Noticed a two-headed ogre
 10030 | D:8      | Killed a two-headed ogre
 10030 | D:8      | Reached skill level 7 in Fighting
 10045 | D:8      | Bought a scroll of teleportation for 87 gold pieces
 10045 | D:8      | Bought a scroll of identify for 58 gold pieces
 10274 | D:8      | Noticed an obsidian statue
 10641 | D:8      | Gained mutation: You have a pair of large antennae on your head. (SInv) [demonic ancestry]
 10641 | D:8      | Reached XP level 10. HP: 34/79 MP: 10/10
 10688 | D:8      | Noticed an orange crystal statue
 10986 | D:8      | Found an ancient bone altar of Kikubaaqudgha.
 11235 | D:8      | Noticed a soul eater
 11237 | D:8      | Reached skill level 1 in Short Blades
 11558 | D:9      | Noticed a two-headed ogre
 11596 | D:9      | Reached skill level 1 in Spellcasting
 12074 | D:8      | Reached skill level 8 in Fighting
 12614 | D:8      | Noticed a two-headed ogre
 12665 | D:8      | Killed a two-headed ogre
 13094 | D:9      | Noticed a two-headed ogre
 13101 | D:9      | Killed a two-headed ogre
 13282 | D:9      | Noticed a two-headed ogre
 13304 | D:9      | Killed a two-headed ogre
 13304 | D:9      | Reached skill level 5 in Short Blades
 13349 | D:9      | Found a staircase to the Lair.
 13349 | D:9      | Noticed an elephant
 13411 | D:9      | Killed a two-headed ogre
 13518 | D:9      | Found a burning altar of Makhleb.
 13743 | D:9      | Killed an elephant
 13743 | D:9      | Reached XP level 11. HP: 71/87 MP: 16/16
 13983 | Lair:1   | Entered Level 1 of the Lair of Beasts
 14034 | Lair:1   | Learned a level 1 spell: Summon Small Mammal
 14274 | Lair:1   | Reached skill level 9 in Fighting
 14274 | Lair:1   | Reached skill level 1 in Summonings
 15607 | Lair:2   | Reached *** piety under Ashenzari
 16227 | Lair:2   | Found a staircase to the Swamp.
 17958 | Lair:3   | Reached skill level 5 in Spellcasting
 18491 | Lair:3   | Paralysed by a hornet for 1 turns
 18718 | Lair:3   | Found a hole to the Spider Nest.
 18788 | Lair:3   | Reached skill level 5 in Dodging
 19098 | Lair:4   | Noticed a five-headed hydra
 19109 | Lair:4   | Killed a five-headed hydra
 19109 | Lair:4   | Reached skill level 10 in Fighting
 19281 | Lair:4   | Gained mutation: You are weak. (Str -2) [potion of mutation]
 19281 | Lair:4   | Gained mutation: You tend to lose your temper in combat. [potion of mutation]
 19597 | Lair:4   | Noticed a five-headed hydra
 19612 | Lair:4   | Killed a five-headed hydra
 19803 | Lair:4   | Reached XP level 12. HP: 90/97 MP: 20/20
 20003 | Lair:4   | Noticed Urug
 20596 | Lair:5   | Found a viscous altar of Jiyva.
 20596 | Lair:5   | Found a staircase to the Slime Pits.
 20667 | Lair:5   | Noticed Nessos
 21291 | Lair:5   | Killed Nessos
 21489 | Lair:5   | Noticed a six-headed hydra
 21499 | Lair:5   | Killed a six-headed hydra
 22355 | Lair:5   | Identified the +3 flail of the Fox {antimagic, *Contam rElec Dex+4 SInv}
 22614 | Lair:6   | Entered Level 6 of the Lair of Beasts
 23063 | Lair:6   | Reached **** piety under Ashenzari
 23064 | Lair:6   | Noticed a six-headed hydra
 23073 | Lair:6   | Killed a six-headed hydra
 23110 | Lair:6   | Noticed a death yak
 23264 | Lair:5   | HP: 2/99 [wyvern (11)]
 24467 | Lair:4   | Reached skill level 11 in Fighting
 24824 | Lair:4   | HP: 4/100 [killer bee (5)]
 24826 | Lair:4   | HP: 1/100 [poisoned by a killer bee]
 24826 | Lair:4   | Mangled by a killer bee

Vault maps used:
D:1:      shiori_arrival_elements, minmay_misc_feat_columns
D:2:      uniq_jessica, uniq_terence
D:3:      minmay_wonky_spiral, overflow_temple_1_default, minmay_cut_off
D:4:      first_bread, serial_undead, serial_undead_e, serial_undead_f,
          serial_undead_a, serial_undead_d, serial_undead_d
D:5:      nicolae_overflow_hidden_temple, kennysheep_small_square,
          uniq_crazy_yiuf_cottage
D:6:      minmay_temple_entry_butterflies, serial_shops, shop
D:7:      cheibrodos_iron_armory, basic_altar
D:8:      minmay_separated_statues, lemuel_coloured_pillars_altar, serial_shops,
          shop
D:9:      david_lair_generic, basic_altar, serial_curves, eino_curves_01,
          eino_curves_01
Temple:   nicolae_temple_great_sept
Lair:1:   ldierk_geyser
Lair:2:   minmay_swamp_entry_worms
Lair:3:   nicolae_spider_entry_non_spiders, serial_bayou, serial_bayou_shore_a,
          serial_bayou_ford_a, serial_bayou_pond_c, serial_bayou_pond_b,
          serial_bayou_pond_c
Lair:4:   special_room, grunt_megastairs_3, lemuel_fruit_fields,
          lemuel_fruit_fields, uniq_urug
Lair:5:   slime_altar_1, uniq_nessos
Lair:6:   wormcave, hangedman_lair_in_review, basic_altar, special_room,
          uniq_rupert

Skill      XL: |  1  2  3  4  5  6  7  8  9 10 11 12 |
---------------+-------------------------------------+-----
Maces & Flails | 3 4 5 6 |  6.0
Armour         | 1 2 3 4 5 6 8 |  8.8
Fighting       | 4 5 6 7 8 10 11 | 11.0
Necromancy     | 3 6 9 |  9.5
Short Blades   | 5 |  5.8
Spellcasting   | 3 5 6 |  6.5
Summonings     | 3 |  3.0
Dodging        | 6 |  6.1
Stealth        | |  1.7

Action                   |  1- 3 |  4- 6 |  7- 9 | 10-12 || total
-------------------------+-------+-------+-------+-------++-------
Melee: Mace              |    68 |       |       |       ||    68
       Club              |     5 |   109 |       |       ||   114
       Flail             |       |    96 |    11 |       ||   107
       Rapier            |       |    98 |   529 |   798 ||  1425
 Cast: Animate Skeleton  |       |       |       |     2 ||     2
Invok: Curse Item        |       |       |     1 |     4 ||     5
       Scrying           |       |       |     1 |     2 ||     3
Evoke: Wand              |       |       |    19 |    18 ||    37
  Use: Scroll            |     3 |     5 |    13 |    20 ||    41
       Potion            |       |       |     8 |    14 ||    22
 Stab: Sleeping          |     6 |     3 |       |       ||     9
       Distracted        |       |     1 |     1 |     8 ||    10
  Eat: Chunk             |       |    10 |    18 |    34 ||    62
       Bread ration      |       |       |     1 |     4 ||     5
Armor: Robe              |     7 |     2 |       |       ||     9
       Leather armour    |       |    13 |       |       ||    13
       Ring mail         |       |    78 |   185 |   150 ||   413
       Skin              |       |       |       |     2 ||     2
       Plate armour      |       |       |       |   268 ||   268
Dodge: Dodged            |    39 |   194 |   358 |   434 ||  1025
Block: Other             |    10 |    63 |   109 |   167 ||   349
